 Dungeon Crawl Stone Soup version 0.17.1-1-g73c8601 (webtiles) character file.

2506 shmeve the Skirmisher (level 9, 0/56 HPs)
             Began as a Minotaur Berserker on Apr 15, 2016.
             Was a Priest of Trog.
             Slain by a purple draconian
             ... wielding a +0 long sword
              (5 damage)
             ... on level 1 of the Abyss.
             The game lasted 00:16:07 (4558 turns).

shmeve the Skirmisher (Minotaur Berserker)          Turns: 4558, Time: 00:16:07

Health: 0/56       AC: 10    Str: 20 (21) XL:     9   Next: 28%
Magic:  0/5        EV:  9    Int:  1      God:    Trog [***...]
Gold:   240        SH:  0    Dex:  7      Spells: 0 memorised, 8 levels left

rFire  . . .     SeeInvis .     a - +1 hand axe
rCold  . . .     Rnd*Rage +     z - +0 chain mail
rNeg   . . .     SustAt   .     (no shield)
rPois  .         Gourm    .     (helmet restricted)
rElec  .         Spirit   +     (no cloak)
rCorr  .         Warding  .     b - +0 pair of gloves
rMut   .         Rnd*Tele +     g - +1 pair of boots
MR     ++...                    A - amulet of guardian spirit
Stlth  ..........               (no ring)
                                (no ring)

@: exhausted, regenerating, slowed, wreathed by umbra, very slow, very resistant
to hostile enchantments, extremely unstealthy
A: retaliatory headbutt, horns 2, berserk 1, blurry vision 3, clumsy 2, deformed
body, deterioration 2, dopey 2, frail 3, low mp 3, screaming 1, teleportitis 1,
weak 1, no device heal 1, subdued magic 2, MP-powered wands
a: Berserk, Trog's Hand, Burn Spellbooks, Renounce Religion


You were on level 1 of the Abyss.
You worshipped Trog.
Trog was most pleased with you.
You were near starving.

You visited 2 branches of the dungeon, and saw 9 of its levels.
You visited the Abyss 1 time.

You collected 390 gold pieces.
You spent 150 gold pieces at shops.

Inventory:

Hand Weapons
 a - a +1 hand axe (weapon)
 i - a +0 shortbow
Missiles
 d - 47 arrows of frost
 j - 151 arrows
 o - 5 arrows of flame
Armour
 b - a +0 pair of gloves (worn)
 g - a +1 pair of boots (worn)
 z - a +0 chain mail (worn)
Jewellery
 A - an amulet of guardian spirit (around neck)
Scrolls
 h - 3 scrolls of recharging
 k - 5 scrolls of remove curse
 l - a scroll of teleportation
 n - a scroll of enchant weapon
 r - a scroll of fear {unknown}
 y - 2 scrolls of fog
 E - a scroll of identify
Potions
 e - 3 potions of heal wounds
 f - 4 potions of curing
 m - 2 potions of haste
 p - a potion of poison {unknown}
 q - 3 potions of mutation {unknown}
 u - a potion of flight {unknown}
 B - a potion of degeneration {unknown}
 D - a potion of lignification {unknown}
 F - a potion of might {unknown}
Comestibles
 c - 4 bread rations
 s - 4 beef jerkies
 t - a meat ration
 v - 3 fruits


   Skills:
 - Level 7.9 Fighting
 - Level 7.5 Axes
 + Level 5.5 Bows
 - Level 7.3 Armour
 - Level 6.6 Dodging


You had 8 spell levels left.
You didn't know any spells.

Dungeon Overview and Level Annotations

Branches:
Dungeon (8/15)             Temple (1/1) D:6
   Lair: D:8-11

Altars:
Ashenzari
Cheibriados
Dithmenos
Elyvilon
Fedhas
Gozag
Kikubaaqudgha
Makhleb
Nemelex Xobeh
Okawaru
Qazlal
Ru
Sif Muna
Trog
Vehumet
Xom
Yredelemnul
Zin
The Shining One

Shops:
D:5 ?

Annotations:
D:8 Psyche


Innate Abilities, Weirdness & Mutations

You reflexively headbutt those who attack you in melee.
You have a pair of horns on your head.
[You tend to lose your temper in combat.]
[Scrolls take you much longer to read.]
[You are very clumsy. (Dex -4)]
[Armour fits poorly on your strangely shaped body.]
[Your body often deteriorates upon taking damage.]
[You are very dopey. (Int -4)]
[You are extremely frail (-30% HP).]
[Your magical capacity is extremely low (-30% MP).]
[You occasionally shout uncontrollably at your foes.]
[You are occasionally teleported next to monsters.]
[You are weak. (Str -2)]
[Potions and wands are less effective at restoring your health.]
[Your spells are easier to cast, but less powerful.]
[You expend magic power (3 MP) to strengthen your wands.]


Message History

* * * LOW HITPOINT WARNING * * *
Your black bear bites the profane servitor but does no damage.
Your black bear claws the profane servitor but does no damage.
Your black bear closely misses the profane servitor.
A purple draconian comes into view. It is wielding a long sword.
The profane servitor hits you with an enchanted whip.
* * * LOW HITPOINT WARNING * * *
The profane servitor closely misses you.
Your black bear completely misses the profane servitor.
Your black bear closely misses the profane servitor.
Your black bear completely misses the profane servitor.
The wretched star pulses with an eldritch light!
You feel the urge to shout.
You feel your magical essence link to your wands.
You feel a little pissed off.
Your system partially rejects artificial healing.
Your black bear twists and deforms.
The purple draconian twists and deforms.
The purple draconian hits you with a long sword!
You die...

# #...#..#
#..
#.#....#
#.##.###..
.. ..#
##...#..#
# ..#
#..$#..##
####
##.....*#
#.....#h#
####.##A#
.. #.@#
..##.##d#
..#.$# .#
..#.# .#
.h. .. ..#
.# .. ..
##


You could see a profane servitor, a purple draconian, a wretched star, a raiju
and a friendly black bear (berserk).

Vanquished Creatures
  Pikel (D:8)
  A steam dragon (D:7)
  Menkaure (D:5)
  Edmund (D:4)
  A small abomination (Abyss:1)
  An orc warrior (D:6)
  An ice beast (D:6)
  3 ogres
  2 phantoms (D:5)
  A centaur (D:7)
  Blork the orc (D:6)
  2 giant frogs
  A crimson imp (D:7)
  A quasit (D:3)
  2 centaur zombies
  A giant frog zombie (D:7)
  An orc priest (D:6)
  A jelly (D:3)
  A gnoll shaman (D:5)
  A hound (D:6)
  3 orc wizards
  A giant frog skeleton (D:7)
  2 worker ants
  6 adders
  9 gnolls
  2 shadow imps
  An ooze (D:1)
  2 adder skeletons (D:6)
  A worm (D:4)
  2 giant geckos
  10 orcs
  2 ball pythons
  5 bats
  4 giant cockroaches
  9 hobgoblins
  5 jackals
  15 kobolds
  3 quokkas
  2 giant gecko skeletons
  6 giant newts
  5 goblins
  5 rats
125 creatures vanquished.

Notes
Turn   | Place    | Note
--------------------------------------------------------------
     0 | D:1      | shmeve the Minotaur Berserker began the quest for the Orb.
     0 | D:1      | Reached XP level 1. HP: 19/19 MP: 0/0
   181 | D:1      | Reached XP level 2. HP: 23/26 MP: 1/1
   329 | D:1      | Found a glowing golden altar of the Shining One.
   387 | D:1      | Reached skill level 4 in Fighting
   391 | D:1      | Reached ** piety under Trog
   418 | D:1      | Reached XP level 3. HP: 33/33 MP: 2/2
   762 | D:2      | Reached XP level 4. HP: 39/41 MP: 3/3
  1097 | D:2      | Found a shimmering altar of Xom.
  1097 | D:2      | Found a white marble altar of Elyvilon.
  1199 | D:3      | Found a faded altar to an unknown god.
  1295 | D:3      | Reached XP level 5. HP: 29/47 MP: 4/4
  1423 | D:3      | Found a radiant altar of Vehumet.
  1627 | D:4      | Reached *** piety under Trog
  1670 | D:4      | Noticed Edmund
  1685 | D:4      | Killed Edmund
  1685 | D:4      | Reached skill level 5 in Fighting
  1685 | D:4      | Reached skill level 5 in Axes
  1685 | D:4      | Reached XP level 6. HP: 56/56 MP: 5/5
  1806 | D:4      | Found a sacrificial altar of Ru.
  2166 | D:5      | Entered Level 5 of the Dungeon
  2243 | D:5      | Reached skill level 5 in Armour
  2296 | D:5      | Reached XP level 7. HP: 62/62 MP: 6/6
  2303 | D:5      | Reached skill level 6 in Fighting
  2386 | D:5      | Noticed Menkaure
  2393 | D:5      | Killed Menkaure
  2421 | D:5      | Reached skill level 5 in Dodging
  2707 | D:5      | Found Vymoley's Magic Scroll Shoppe.
  2710 | D:5      | Bought 3 scrolls of identify for 90 gold pieces
  2710 | D:5      | Bought a scroll of identify for 30 gold pieces
  2710 | D:5      | Bought a scroll of identify for 30 gold pieces
  2820 | D:6      | Reached XP level 8. HP: 69/71 MP: 7/7
  2856 | D:6      | Noticed Blork the orc
  2867 | D:6      | Killed Blork the orc
  2954 | D:6      | Reached skill level 7 in Fighting
  3003 | D:6      | Found an opulent altar of Gozag.
  3163 | D:6      | Found a staircase to the Ecumenical Temple.
  3292 | D:6      | Reached **** piety under Trog
  3412 | Temple   | Entered the Ecumenical Temple
  4189 | D:7      | Found a deep blue altar of Sif Muna.
  4420 | D:8      | Noticed Pikel
  4425 | D:8      | Noticed Psyche
  4428 | D:8      | Reached skill level 1 in Bows
  4435 | D:8      | Killed Pikel
  4435 | D:8      | Reached XP level 9. HP: 53/81 MP: 3/8
  4436 | D:8      | Reached skill level 5 in Bows
  4436 | D:8      | Cast into the Abyss (Psyche)
  4534 | Abyss:1  | Noticed a wretched star
  4547 | Abyss:1  | Noticed a profane servitor
  4558 | Abyss:1  | Noticed a purple draconian
  4558 | Abyss:1  | Slain by a purple draconian

Action                   |  1- 3 |  4- 6 |  7- 9 || total
-------------------------+-------+-------+-------++-------
Melee: Hand axe          |    63 |   135 |   212 ||   410
Invok: Berserk           |       |     3 |     6 ||     9
       Trog's Hand       |       |     1 |     5 ||     6
       Burn Spellbooks   |       |     1 |       ||     1
       Brothers in Arms  |       |       |     1 ||     1
  Use: Scroll            |       |       |    16 ||    16
 Stab: Sleeping          |     1 |       |       ||     1
       Paralysed         |       |     2 |       ||     2
  Eat: Chunk             |       |     6 |    13 ||    19
       Pizza             |       |       |     1 ||     1
